 Dungeon Crawl Stone Soup version 0.30-b1-2-g02819fbbbe (webtiles) character file.

Game seed: 7571563294802194159

203116 Ashen the Ogre Mage (level 18, -8/198 HPs)
             Began as an Ogre Summoner on Aug 23, 2023.
             Was a High Priest of Sif Muna.
             Mangled by a ghost moth (14 damage)
             ... on level 2 of the Spider Nest on Aug 25, 2023.
             The game lasted 03:29:04 (37120 turns).

Ashen the Ogre Mage (Ogre Summoner)                Turns: 37120, Time: 03:29:05

Health: -8/198     AC:  8    Str: 12 (16) XL:     18   Next: 60%
Magic:  0/40       EV: 12    Int: 19 (27) God:    Sif Muna [*****.]
Gold:   1017       SH:  0    Dex:  9 (10) Spells: 4/53 levels left

rFire   . . .        T - +7 giant spiked club
rCold   . . .        (shield currently unavailable)
rNeg    + . .        R - +0 troll leather armour
rPois   +            V - +0 hat
rElec   .            U - +2 ratskin cloak {*Rats rPois rN+ Str-1 Int-1 Dex+1}
rCorr   .            (gloves unavailable)
SInv    .            (boots unavailable)
Will    +....        g - amulet of magic regeneration
Stlth   +            z - ring of wizardry
HPRegen 1.33/turn    M - +6 ring of intelligence
MPRegen 0.67/turn

%: wizardry (x1)
@: studying 2 skills
A: large, unfitting armour, tough skin 1
}: 1/15 runes: decaying
a: Renounce Religion, Channel Magic, Forget Spell, Divine Exegesis


You were on level 2 of the Spider Nest.
You worshipped Sif Muna.
Sif Muna was extremely pleased with you.
You visited 6 branches of the dungeon, and saw 30 of its levels.
You visited the Abyss 1 time.
You visited 1 bazaar.
You also visited: Sewer and Gauntlet.

You collected 2406 gold pieces.
You spent 1389 gold pieces at shops.

Inventory:

Hand Weapons
 T - a +7 giant spiked club (weapon)
Missiles
 O - 5 throwing nets
 S - 24 large rocks
Armour
 I - +0 steam dragon scales
 R - a +0 troll leather armour (worn)
 U - the +2 ratskin cloak (worn) {*Rats rPois rN+ Str-1 Int-1 Dex+1}
   (You found it on level 1 of the Lair of Beasts)

   *Rats:     When the wearer is hurt, rats may emerge from it to assist them.
   Str:       It affects your strength (-1).
   Int:       It affects your intelligence (-1).
   Dex:       It affects your dexterity (+1).
   rPois:     It protects you from poison.
   rN:        It protects you from negative energy.
 V - a +0 hat (worn)
Jewellery
 g - an amulet of magic regeneration (around neck)
 z - a ring of wizardry (left hand)
 D - an amulet of regeneration
 G - a ring of flight
 M - a +6 ring of intelligence (right hand)
 W - a ring of wizardry
 Y - a ring of resist corrosion
Wands
 m - a wand of iceblast (34)
 o - a wand of acid (53)
 r - a wand of polymorph (26)
 s - a wand of flame (67)
 x - a wand of paralysis (14)
 B - a wand of digging (9)
 N - a wand of mindburst (21)
Scrolls
 a - 2 scrolls of summoning
 c - 6 scrolls of teleportation
 h - 12 scrolls of magic mapping
 i - 3 scrolls of vulnerability
 k - 2 scrolls of amnesia
 n - 2 scrolls of torment
 q - 2 scrolls of enchant armour
 t - a scroll of fog
 y - 5 scrolls of noise
 A - 4 scrolls of poison
 H - 4 scrolls of silence
 X - a scroll of immolation
 Z - 4 scrolls of identify
Potions
 b - 2 potions of magic
 d - 7 potions of attraction
 f - 4 potions of might
 l - 2 potions of heal wounds
 p - 3 potions of ambrosia
 u - 12 potions of curing
 v - a potion of brilliance
 C - 2 potions of invisibility
 E - a potion of resistance
 F - 3 potions of mutation
 J - 7 potions of haste
 K - 4 potions of lignification
 L - 6 potions of flight
 P - 3 potions of cancellation
 Q - a potion of berserk rage
Miscellaneous
 e - a phantom mirror


   Skills:
 + Level 16.6 Fighting
 + Level 11.9 Maces & Flails
 + Level 12.2 Dodging
 - Level 1.5 Stealth
 * Level 18.0 Spellcasting
 * Level 17.0 Summonings
 - Level 6.0 Necromancy


You had 4 spell levels left.
You knew the following spells:

 Your Spells              Type           Power      Damage    Failure   Level
a - Dragon's Call         Summ           34%        N/A       80%         9
b - Call Imp              Summ           100%       N/A       0%          2
c - Call Canine Familiar  Summ           69%        N/A       0%          3
d - Summon Guardian Gole  Hex/Summ       49%        N/A       1%          3
e - Summon Lightning Spi  Summ/Air       49%        N/A       1%          4
f - Monstrous Menagerie   Summ           34%        N/A       1%          7
g - Summon Horrible Thin  Summ           34%        N/A       11%         8
h - Haunt                 Necr/Summ      28%        N/A       12%         7
i - Summon Cactus Giant   Summ           34%        N/A       1%          6

Your spell library contained the following spells:

 Spells                   Type           Power      Damage    Failure   Level
 Summon Small Mammal      Summ           100%       N/A       0%          1
 Foxfire                  Conj/Fire      68%        2x1d7     1%          1
 Kiss of Death            Conj/Necr      100%       2d13      1%          1
 Magic Dart               Conj           68%        1d6       1%          1
 Necrotise                Necr           100%       1d9       1%          1
 Slow                     Hex            68%        N/A       1%          1
 Sting                    Tmut/Pois      68%        1d6       1%          1
 Cigotuvi's Dreadful Rot  Necr/Pois/Air  48%        N/A       1%          2
 Sublimation of Blood     Necr           39%        N/A       1%          2
 Vampiric Draining        Necr           39%        2d8       1%          3
 Animate Armour           Summ/Erth      98%        N/A       1%          4
 Dispel Undead            Necr           39%        3d16      1%          4
 Lesser Beckoning         Tloc           34%        N/A       2%          2
 Momentum Strike          Conj/Tloc      34%        3d8       2%          2
 Static Discharge         Conj/Air       34%        2-4/arc   2%          2
 Confusing Touch          Hex            17%        N/A       4%          3
 Dazzling Flash           Conj/Hex       34%        N/A       4%          3
 Gell's Gravitas          Tloc           17%        N/A       4%          3
 Hailstorm                Conj/Ice       17%        3d6       4%          3
 Portal Projectile        Hex/Tloc       34%        N/A       4%          3
 Stone Arrow              Conj/Erth      34%        3d9       4%          3
 Teleport Other           Tloc           17%        N/A       4%          3
 Vhi's Electric Charge    Tloc/Air       34%        N/A       4%          3
 Anguish                  Hex/Necr       14%        N/A       4%          4
 Airstrike                Air            8%         2d(2-18)  16%         4
 Ice Form                 Ice/Tmut       17%        N/A       16%         4
 Summon Forest            Summ/Tloc      24%        N/A       1%          5
 Summon Mana Viper        Hex/Summ       49%        N/A       1%          5
 Agony                    Necr           39%        N/A       4%          5
 Borgnjor's Vile Clutch   Necr/Erth      14%        N/A       13%         5
 Death Channel            Necr           19%        N/A       21%         6
 Malign Gateway           Summ/Tloc      24%        N/A       38%         7
 Spellforged Servitor     Conj/Summ      24%        N/A       38%         7
 Arcjolt                  Conj/Air       8%         1d18      41%         5
 Fireball                 Conj/Fire      8%         3d6       41%         5
 Freezing Cloud           Conj/Ice/Air   8%         6-21      41%         5
 Irradiate                Conj/Tmut      8%         3d14      41%         5
 Iskenderun's Battlesphe  Conj           17%        2d7       41%         5
 Simulacrum               Ice/Necr       14%        N/A       56%         6
 Conjure Ball Lightning   Conj/Air       8%         3x3d6     91%         6
 Dispersal                Tloc           8%         N/A       91%         6
 Iron Shot                Conj/Erth      8%         9d3       91%         6
 Plasma Beam              Fire/Air       8%         2x1d21    91%         6
 Starburst                Conj/Fire      8%         6d4       91%         6
 Statue Form              Tmut/Erth      11%        N/A       91%         6
 Orb of Destruction       Conj           8%         9d6       100%        7
 Lehudib's Crystal Spear  Conj/Erth      8%         10d4      100%        8
 Maxwell's Capacitive Co  Air            8%         ∞         100%        8
 Necromutation            Tmut/Necr      14%        N/A       100%        8


Dungeon Overview and Level Annotations

Branches:
Dungeon (15/15)            Temple (1/1) D:4            Lair (5/5) D:11
  Swamp (4/4) Lair:2       Spider (3/4) Lair:3        Slime (0/5) Lair:5
    Orc (2/2) D:12            Elf (0/3) Orc:2        Vaults (0/5) D:14
 Depths (0/4) D:15          Sewer (visited)         Gauntlet (visited)

Altars:
Ashenzari
Cheibriados
Dithmenos
Elyvilon
Fedhas
Gozag
Hepliaklqana
Kikubaaqudgha
Makhleb
Nemelex Xobeh
Okawaru
Qazlal
Ru
Sif Muna
Trog
Uskayaw
Vehumet
Wu Jian
Xom
Yredelemnul
Zin
The Shining One

Shops:
D:1 (   D:2 ?   D:4 *   Orc:1 (   Orc:2 ?(*[

Portals:
Abyss: Orc:2

Annotations:
D:5 Eustachio, Pikel
D:8 1 runed translucent door, diceflayer's ghost, novice MiFi
D:11 3 runed translucent doors, exclusion: ugly thing, CitizenNev's ghost, journeyman GrFi
Lair:2 2 transporters
Orc:2 2 transporters, LLlMATKO's ghost, journeyman MiBe


Innate Abilities, Weirdness & Mutations

You are too large for most types of armour.
You have tough skin. (AC +1)


Message History

Your lindwurm bites the broodmother but does no damage.
Your lindwurm claws the broodmother!
Your lindwurm claws the broodmother but does no damage.
Your manticore flicks its tail.
The volley of spikes hits the culicivora!!
Something hits you!
* * * LOW HITPOINT WARNING * * *
Deactivating autopickup; reactivate with Ctrl-A.
Something barely misses you.
Something stings you but does no damage.
Casting: Monstrous Menagerie (mildly dangerous; 1% risk of failure)
Confirm with . or Enter, or press ? or * to list all spells.
The culicivora bites you!
* * * LOW HITPOINT WARNING * * *
The culicivora draws strength from your injuries!
Your manticore bites something!
Your manticore closely misses something.
Your manticore barely misses something.
Your lindwurm bites the broodmother!!
Your lindwurm claws the broodmother but does no damage.
Your lindwurm barely misses the broodmother.
You feel you are being watched by something.
You feel your power leaking away. Something hits you!
* * * LOW HITPOINT WARNING * * *
Something hits you!
* * * LOW HITPOINT WARNING * * *
Something stings you!
* * * LOW HITPOINT WARNING * * *
You feel weakened.
The steelbarb worm barely misses your manticore.
You feel much better.
You feel you are being watched by something.
You feel your power leaking away. Something hits you.
* * * LOW HITPOINT WARNING * * *
You feel weakened. Something hits you.
* * * LOW HITPOINT WARNING * * *
Something stings you!
You die...

....###........###.....###.##
....# #.........##......#######
....###.........##.......###..#
######..........#........##.### #
#.####.†.....#.............#####
##..##.#......#...........##....#
^.....###....#.#X.X.[.....###^###
#####.#####.##.#...........##[# #
####....####.#.@..........##.# #
##..^...#...^.#H{s.........##.# #
..........###.#swsX........##.###
...........##.^.s†.......####....
.......#.....#.k........###......
.......###........B#######.......
........###....###..####.........
........^###..##......##.........
^......#..##.##....>...#.........


You could see a broodmother (ally target), a steelbarb worm, a culicivora
(summoned, skewered, ally target), a pharaoh ant, 2 redbacks, a friendly
manticore (summoned), a friendly lindwurm (summoned) and 3 friendly large
abominations.

Vanquished Creatures
  Gastronok (Lair:2)
  Kirke (D:13)
  An eleionoma (Swamp:3)
  A hydra (Swamp:3)
  An ogre mage (D:12)
  A centaur warrior (D:14)
  Erica (D:10)
  A catoblepas (D:13)
  A ghost crab (Swamp:3)
  4 boulder beetles
  3 alligators (Swamp:3)
  A two-headed ogre (D:12)
  An orc high priest (Orc:2)
  A skeletal warrior (D:14)
  A spriggan druid (Swamp:2)
  An orb spider (Spider:2)
  A bog body (Swamp:1)
  A lindwurm (Lair:2)
  A bunyip skeleton (Swamp:3)
  An orc knight (Orc:2)
  A large abomination (Abyss:2)
  A wolf spider (Spider:2)
  A deep elf pyromancer (D:15)
  4 ugly things (D:14)
  2 will-o-the-wisps (Swamp:3)
  A demonic crawler (Spider:2)
  A gargoyle (D:14)
  2 cane toads
  A torpor snail (Lair:5)
  3 nameless horrors
  A kobold demonologist (D:12)
  A komodo dragon (Lair:3)
  A troll (D:12)
  2 tarantellas (Spider:1)
  Grinder (D:6)
  A hornet (Swamp:4)
  2 tyrant leeches
  4 blink frogs (Lair:5)
  A dream sheep (Lair:4)
  2 slime creatures (D:14)
  3 spriggans
  9 jumping spiders
  A hog (D:12)
  A small abomination (Abyss:2)
  15 yaks
  7 redbacks (Spider:2)
  A yak (shapeshifter) (Abyss:2)
  A wyvern (D:11)
  A steam dragon (D:9)
  A vampire mosquito (D:14)
  3 swamp worms
  4 water moccasins
  4 orc warriors (Orc:2)
  A black bear (D:5)
  A swamp drake (Swamp:2)
  A wolf (Lair:3)
  2 centaurs
  A kobold brigand (D:9)
  4 bullfrogs
  4 wights
  An electric eel (Lair:4)
  A howler monkey (D:5)
  2 hounds
  5 orc priests
  A gnoll bouda (D:5)
  A jelly (D:6)
  3 iguanas
  2 hell rats (Lair:5)
  Natasha (D:3)
  3 orc wizards
  6 gnolls
  2 adders
  A river rat (D:6)
  A shadow imp (D:8)
  2 white imps
  17 orcs
  4 bats
  4 endoplasms
  5 giant cockroaches
  6 goblins
  4 hobgoblins
  4 jackals
  A quokka (D:4)
  3 ball pythons
  3 frilled lizards
  4 kobolds
  A rat (D:1)
211 creatures vanquished.

Vanquished Creatures (collateral kills)
  Jorgrun (Swamp:1)
  Rupert (D:15)
  Frances (D:13)
  A tengu reaver (D:15)
  A thorn hunter (Swamp:3)
  A fenstrider witch (Swamp:1)
  Donald (Swamp:1)
  A ghost moth (Spider:2)
  Louise (Swamp:3)
  An orc warlord (Orc:2)
  3 broodmothers
  2 eleionomae
  2 spark wasps (Spider:2)
  4 bunyips
  An entropy weaver (Spider:2)
  A fire dragon (D:15)
  An ice dragon (D:15)
  22 hydras
  4 vault guards (D:14)
  4 shambling mangroves
  3 catoblepae (Lair:5)
  A spriggan air mage (Swamp:3)
  Harold (Lair:1)
  A jorogumo (Spider:1)
  7 alligators
  4 centaur warriors
  A ghost crab (Swamp:3)
  15 death yaks
  2 radroaches
  6 boulder beetles
  A death knight (D:14)
  5 two-headed ogres
  3 tengu warriors
  A titan zombie (Abyss:2)
  6 spriggans
  4 orc high priests (Orc:2)
  3 skysharks
  A bunyip zombie (Swamp:3)
  4 skeletal warriors
  A pharaoh ant (Spider:1)
  3 goliath frogs
  4 spriggan druids
  10 swamp dragons
  3 orb spiders
  4 orc knights (Orc:2)
  2 bunyip skeletons (Swamp:3)
  4 steelbarb worms
  5 bog bodies
  An orc sorcerer (Orc:2)
  5 deep elf pyromancers (D:14)
  4 wolf spiders
  11 ugly things
  3 manticores
  3 will-o-the-wisps
  4 cyclopes
  10 elephants
  2 nameless horrors (Lair:5)
  Maurice (D:13)
  3 demonic crawlers
  3 black mambas
  2 large abominations (Abyss:2)
  4 torpor snails
  6 cane toads
  Joseph (D:7)
  An unseen horror (D:11)
  Maggie (D:7)
  13 komodo dragons
  4 rime drakes
  3 tengu conjurers
  A freezing wraith (D:14)
  An efreet (D:15)
  A kobold demonologist (D:12)
  5 trolls
  A meliai (Spider:2)
  7 tarantellas
  3 tyrant leeches
  A bloated husk (Swamp:3)
  A polar bear (shapeshifter) (D:12)
  A meliai (shapeshifter) (D:14)
  11 hornets
  4 polar bears
  9 dream sheep (Lair:4)
  7 jumping spiders
  16 blink frogs
  9 slime creatures
  2 shadows
  6 culicivoras
  4 wraiths
  A ynoxinul (Abyss:2)
  3 wyverns
  6 basilisks
  64 yaks
  3 fire bats (Lair:4)
  2 hogs
  A steam dragon (D:10)
  A vampire mosquito (D:14)
  22 redbacks
  9 swamp worms
  4 wargs (Orc:2)
  An acid dragon (D:12)
  15 water moccasins
  2 swamp drakes (Swamp:4)
  17 orc warriors
  Pargi (Sewer)
  A black bear (Lair:1)
  A spriggan simulacrum (Swamp:3)
  7 wolves
  6 ogres
  2 swamp dragon skeletons (Swamp:3)
  2 centaurs
  A phantom (D:5)
  A lemure (D:4)
  Blork the orc (D:6)
  5 bullfrogs
  2 kobold brigands
  2 gnoll sergeants
  3 scorpions
  15 wights
  A jelly (D:6)
  2 hounds
  A gnoll bouda (D:10)
  27 orc priests
  An iguana (D:7)
  2 sleepcaps
  4 hell rats (Lair:5)
  Natasha (twice) (D:3)
  10 orc wizards
  16 gnolls
  5 adders
  A worm (D:2)
  45 orcs
  2 bats
  An endoplasm (D:1)
  A giant cockroach (D:6)
  3 goblins
  3 hobgoblins
  2 jackals (D:2)
  A quokka (D:1)
  4 ball pythons
  6 frilled lizards
  12 kobolds
  2 rats (D:6)
689 creatures vanquished.

Vanquished Creatures (others)
  A hydra (Lair:3)
  Urug (D:13)
  A death yak (Lair:3)
  2 skysharks
  2 skeletal warriors (D:11)
  A necromancer (Swamp:3)
  An orc knight (Orc:2)
  An ugly thing (D:14)
  2 elephants
  2 cane toads (Lair:4)
  A torpor snail (Lair:1)
  A tengu conjurer (D:15)
  A troll (Orc:2)
  2 bloated husks
  A blink frog (Lair:4)
  A dream sheep (Lair:4)
  8 yaks
  A vampire (D:10)
  A human (D:13)
  2 vampire mosquitoes (D:13)
  A warg (Orc:2)
  A water moccasin (Lair:4)
  An orc priest (Orc:2)
  A kobold (D:13)
  3 bushes (D:11)
  4 demonic plants (Gauntlet)
  A fire vortex (Lair:4)
  23 foxfires
  42 fungi
  147 plants
257 creatures vanquished.

Grand Total: 1157 creatures vanquished

Notes
Turn   | Place    | Note
-------+----------+-------------------------------------------
     0 | D:1      | Ashen the Ogre Summoner began the quest for the Orb.
     0 | D:1      | Reached XP level 1. HP: 16/16 MP: 3/3
   168 | D:1      | Reached XP level 2. HP: 8/24 MP: 2/5
   349 | D:1      | Learned a level 2 spell: Call Imp
   510 | D:1      | Found Voutill's Weapon Emporium.
   528 | D:1      | Reached XP level 3. HP: 30/32 MP: 7/7
   560 | D:1      | Reached skill level 3 in Spellcasting
   858 | D:1      | Learned a level 3 spell: Call Canine Familiar
   979 | D:2      | Reached skill level 1 in Fighting
  1101 | D:2      | Found Qamm's Magic Scroll Boutique.
  1104 | D:2      | Bought a scroll of teleportation for 39 gold pieces
  1104 | D:2      | Bought a scroll of teleportation for 39 gold pieces
  1104 | D:2      | Bought a scroll of teleportation for 39 gold pieces
  1210 | D:2      | Reached XP level 4. HP: 41/41 MP: 4/8
  1914 | D:3      | Found a sparkling altar of Nemelex Xobeh.
  2350 | D:3      | Found an iron altar of Okawaru.
  2557 | D:3      | Noticed Natasha
  2575 | D:3      | Killed Natasha
  2576 | D:3      | Reached XP level 5. HP: 26/49 MP: 0/10
  2598 | D:3      | Noticed Natasha
  2608 | D:3      | Killed Natasha
  2609 | D:3      | Reached skill level 1 in Maces & Flails
  2692 | D:3      | Found a sparkling altar of Nemelex Xobeh.
  2695 | D:3      | Noticed Natasha
  2703 | D:3      | Killed Natasha
  3288 | D:3      | Found an iron altar of Okawaru.
  3498 | D:4      | Found a hazy altar of Hepliaklqana.
  3556 | D:3      | Reached skill level 4 in Spellcasting
  3667 | D:4      | Noticed an ogre
  3685 | D:4      | Killed an ogre
  3686 | D:4      | Reached XP level 6. HP: 26/59 MP: 5/12
  4196 | D:4      | Found a staircase to the Ecumenical Temple.
  4258 | D:4      | Found a radiant altar of Vehumet.
  4473 | Temple   | Entered the Ecumenical Temple
  5174 | D:4      | Found a white marble altar of Elyvilon.
  5205 | D:4      | Found Laciott's Serpentskin Sales.
  5295 | D:5      | Entered Level 5 of the Dungeon
  5327 | D:5      | Reached skill level 5 in Summonings
  5327 | D:5      | Reached XP level 7. HP: 48/67 MP: 14/14
  5427 | D:5      | Noticed Pikel
  5718 | D:5      | Reached skill level 5 in Spellcasting
  5983 | D:4      | Learned a level 3 spell: Summon Guardian Golem
  5988 | D:4      | Learned a level 4 spell: Summon Lightning Spire
  6833 | D:5      | Reached XP level 8. HP: 54/78 MP: 11/16
  7401 | D:5      | Noticed Eustachio
  7569 | D:6      | Found a glowing drain.
  7583 | Sewer    | Entered a sewer
  7685 | Sewer    | Noticed Pargi
  7710 | Sewer    | Killed Pargi
  7711 | Sewer    | Reached skill level 6 in Spellcasting
  8340 | D:6      | Noticed Grinder
  8350 | D:6      | Killed Grinder
  8351 | D:6      | Reached skill level 5 in Fighting
  8468 | D:6      | Noticed Blork the orc
  8499 | D:6      | Killed Blork the orc
  8522 | D:6      | Found a shimmering blue altar of Sif Muna.
  8530 | D:6      | Became a worshipper of Sif Muna the Loreminder
  8644 | D:6      | Reached XP level 9. HP: 25/88 MP: 15/19
  8909 | D:6      | Reached skill level 7 in Spellcasting
  9336 | D:7      | Noticed Maggie
  9355 | D:7      | Killed Maggie
  9968 | D:7      | Reached skill level 8 in Spellcasting
 10258 | D:7      | Reached skill level 5 in Dodging
 10523 | D:7      | Reached XP level 10. HP: 96/100 MP: 17/22
 10817 | D:7      | Identified the +4 shortbow "Xetsiat" {drain, rN+ MP+9
                  | Dex-2}
 10821 | D:7      | Noticed Joseph
 10847 | D:7      | Killed Joseph
 11086 | D:7      | Found a broken altar of Ashenzari.
 11312 | D:8      | Found a runed translucent door.
 11320 | D:8      | Noticed diceflayer's ghost (novice MiFi)
 11320 | D:8      | Noticed a cyan ugly thing
 11360 | D:8      | Found a hide-covered altar of Uskayaw.
 11364 | D:8      | Reached * piety under Sif Muna
 12336 | D:9      | Reached skill level 9 in Spellcasting
 12541 | D:9      | Reached skill level 5 in Maces & Flails
 13318 | D:10     | Entered Level 10 of the Dungeon
 13610 | D:10     | Reached ** piety under Sif Muna
 13687 | D:10     | Noticed Erica
 13713 | D:10     | Killed Erica
 13714 | D:10     | Reached XP level 11. HP: 66/111 MP: 14/24
 13890 | D:10     | Reached skill level 10 in Spellcasting
 14427 | D:11     | Found a staircase to the Lair.
 14867 | D:11     | Noticed a skeletal warrior
 14878 | D:11     | Noticed a skeletal warrior
 15279 | D:11     | Noticed a skeletal warrior
 15305 | D:11     | Killed a skeletal warrior
 15317 | D:11     | Killed a skeletal warrior
 15425 | D:11     | Found a runed translucent gate.
 15425 | D:11     | Found a runed translucent gate.
 15428 | D:11     | Found a runed translucent gate.
 15428 | D:11     | Noticed CitizenNev's ghost (journeyman GrFi)
 15428 | D:11     | Noticed a nine-headed hydra
 15429 | D:11     | Noticed an 11-headed hydra
 15449 | D:11     | Noticed a purple ugly thing
 15490 | Lair:1   | Entered Level 1 of the Lair of Beasts
 15503 | Lair:1   | Noticed a skyshark
 15517 | Lair:1   | Killed a skyshark
 15625 | Lair:1   | Reached skill level 11 in Spellcasting
 15646 | Lair:1   | Found a gate leading to a gauntlet.
 15655 | Gauntlet | Entered a Gauntlet
 15655 | Gauntlet | Noticed a shining eye
 15655 | Gauntlet | Noticed a fire crab
 15655 | Gauntlet | Found a transporter.
 15655 | Gauntlet | Found a transporter.
 15694 | Gauntlet | Found a transporter.
 15697 | Gauntlet | Found a transporter.
 15706 | Gauntlet | Noticed a moth of wrath
 15709 | Gauntlet | Found a transporter.
 15711 | Gauntlet | Found a transporter.
 15728 | Gauntlet | Noticed a balrug
 15772 | Gauntlet | Found a transporter.
 15782 | Gauntlet | Found a transporter.
 15797 | Gauntlet | Found a transporter.
 15807 | Gauntlet | Found a transporter.
 15810 | Gauntlet | Noticed a fire crab
 15822 | Gauntlet | Found a transporter.
 15853 | Gauntlet | Found a transporter.
 16273 | Lair:1   | Reached skill level 10 in Summonings
 16288 | Lair:1   | Reached *** piety under Sif Muna
 16289 | Lair:1   | Reached XP level 12. HP: 44/124 MP: 23/27
 16508 | Lair:1   | Noticed Harold
 16526 | Lair:1   | Killed Harold
 16559 | Lair:1   | Found the +2 ratskin cloak {*Rats rPois rN+ Str-1 Int-1
                  | Dex+1}
 16881 | Lair:2   | Noticed Gastronok
 16901 | Lair:2   | Killed Gastronok
 16902 | Lair:2   | Reached skill level 10 in Fighting
 16970 | Lair:2   | Found a transporter.
 17114 | Lair:2   | Reached skill level 12 in Spellcasting
 17145 | Lair:2   | Found a transporter.
 17194 | Lair:2   | Noticed a five-headed hydra
 17247 | Lair:2   | Killed a five-headed hydra
 17323 | Lair:2   | Found a staircase to the Swamp.
 17362 | Lair:2   | Noticed a seven-headed hydra
 17372 | Lair:2   | Killed a seven-headed hydra
 17620 | Lair:3   | Noticed a skyshark
 17634 | Lair:3   | Killed a skyshark
 17701 | Lair:3   | Reached XP level 13. HP: 128/135 MP: 29/29
 17719 | Lair:3   | Reached **** piety under Sif Muna
 17735 | Lair:3   | Found a glowing golden altar of the Shining One.
 18215 | Lair:3   | Found a hole to the Spider Nest.
 19155 | Lair:4   | Reached ***** piety under Sif Muna
 19155 | Lair:4   | Received a gift from Sif Muna
 19200 | Lair:4   | Reached skill level 13 in Spellcasting
 19209 | Lair:4   | Got Momuadgha's Excursus on Combined Configuration {god
                  | gift}
 19219 | Lair:4   | Learned a level 7 spell: Monstrous Menagerie
 19455 | Lair:4   | Reached XP level 14. HP: 148/149 MP: 25/31
 20129 | Lair:5   | Entered Level 5 of the Lair of Beasts
 20600 | Lair:5   | Found a staircase to the Slime Pits.
 20615 | Lair:5   | Received a gift from Sif Muna
 20616 | Lair:5   | Got Sif Muna's Thoughts on Hurtful Transportation {god
                  | gift}
 21438 | Lair:5   | Reached XP level 15. HP: 161/161 MP: 17/32
 21445 | Lair:5   | Reached skill level 14 in Spellcasting
 21595 | Lair:5   | Reached skill level 10 in Dodging
 22719 | D:12     | Found a staircase to the Orcish Mines.
 22723 | Orc:1    | Entered Level 1 of the Orcish Mines
 22733 | Orc:1    | Received a gift from Sif Muna
 22734 | Orc:1    | Got Utorch's Incunabulum of Assaults {god gift}
 22746 | Orc:1    | Found Jonim's Antique Weapon Boutique.
 22847 | Orc:2    | Entered Level 2 of the Orcish Mines
 22939 | Orc:2    | Found a flickering gateway to a bazaar.
 22945 | Bazaar   | Entered a bazaar
 22954 | Bazaar   | Found Yxtofot's Distillery.
 22967 | Bazaar   | Found Aklaexou's Book Shop.
 22980 | Bazaar   | Found Furhotu's Assorted Antiques.
 23010 | Bazaar   | Found Dyjuf's Weapon Boutique.
 23046 | Bazaar   | Bought a scroll of magic mapping for 112 gold pieces
 23101 | Orc:2    | Found a transporter.
 23107 | Orc:2    | Found a staircase to the Elven Halls.
 23140 | Orc:2    | Noticed an orc warlord
 23151 | Orc:2    | Killed an orc warlord
 23337 | Orc:2    | Found a one-way gate to the infinite horrors of the Abyss.
 23337 | Orc:2    | Noticed LLlMATKO's ghost (journeyman MiBe)
 23489 | Orc:2    | Noticed a tentacled starspawn
 23625 | Orc:2    | Reached skill level 10 in Maces & Flails
 23867 | Orc:2    | Found Haudel's Weapon Boutique.
 23867 | Orc:2    | Found Tipood Zyor's Magic Scroll Boutique.
 23868 | Orc:2    | Found Cuemulyn's Armour Boutique.
 23868 | Orc:2    | Found Viwomies's Assorted Antiques.
 23878 | Orc:2    | Bought a scroll of magic mapping for 300 gold pieces
 23878 | Orc:2    | Bought a scroll of magic mapping for 300 gold pieces
 23878 | Orc:2    | Bought 2 potions of heal wounds for 400 gold pieces
 23878 | Orc:2    | Bought a scroll labelled RIUMYH KULULA for 40 gold pieces
 23879 | Orc:2    | Bought a scroll of blinking for 120 gold pieces
 23931 | Orc:2    | Found a transporter.
 24283 | D:12     | Reached skill level 15 in Spellcasting
 24310 | D:12     | Learned a level 8 spell: Summon Horrible Things
 24458 | D:13     | Noticed Frances
 24466 | D:13     | Killed Frances
 24524 | D:13     | Noticed Kirke
 24535 | D:13     | Killed Kirke
 24712 | D:13     | Noticed Maurice
 24714 | D:13     | Noticed Urug
 24720 | D:13     | Killed Maurice
 24726 | D:13     | Killed Urug
 24726 | D:13     | Received a gift from Sif Muna
 24727 | D:13     | Reached XP level 16. HP: 148/174 MP: 18/35
 25123 | D:14     | Reached skill level 15 in Summonings
 25138 | D:14     | Learned a level 9 spell: Dragon's Call
 25179 | D:14     | Found a transporter.
 25457 | D:14     | Found a gate to the Vaults.
 26097 | D:14     | Identified the +3 short sword "Sidenaunogh" {flame, rF+}
 26436 | D:14     | Found a transporter.
 26770 | D:15     | Entered Level 15 of the Dungeon
 26840 | D:15     | Reached skill level 15 in Fighting
 26987 | D:15     | Reached skill level 16 in Spellcasting
 27158 | D:15     | Received a gift from Sif Muna
 27161 | D:15     | Got Sif Muna's Compilation of the Familiar and Malevolent
                  | Rites {god gift}
 27170 | D:15     | Learned a level 7 spell: Haunt
 27284 | D:15     | Noticed Rupert
 27461 | D:15     | Noticed a tengu reaver
 27592 | D:15     | Killed Rupert
 27767 | D:15     | Killed a tengu reaver
 27768 | D:15     | Found the sphere of Battle
 27906 | D:15     | Found a staircase to the Depths.
 28230 | Swamp:1  | Entered Level 1 of the Swamp
 28245 | Swamp:1  | Noticed Jorgrun
 28255 | Swamp:1  | Killed Jorgrun
 28375 | Swamp:1  | Reached skill level 1 in Necromancy
 28384 | Swamp:1  | Noticed Donald
 28395 | Swamp:1  | Killed Donald
 28478 | Swamp:1  | Noticed a fenstrider witch
 28498 | Swamp:1  | Killed a fenstrider witch
 28889 | Swamp:1  | Reached XP level 17. HP: 80/184 MP: 25/37
 29187 | Swamp:2  | Reached skill level 5 in Necromancy
 29200 | Swamp:2  | Identified the +1 robe of the Present {Str+2 Int+2}
 30689 | Swamp:3  | Found an ancient bone altar of Kikubaaqudgha.
 30800 | Swamp:3  | Got Kikubaaqudgha's Secrets of the Charnel House
 30963 | Swamp:4  | Entered Level 4 of the Swamp
 31509 | Swamp:4  | Paralysed by a hornet for 2 turns
 31511 | Swamp:4  | HP: 4/185 [alligator (10)]
 31808 | Swamp:4  | Noticed Louise
 31925 | Swamp:3  | Received a gift from Sif Muna
 31926 | Swamp:3  | Got Sif Muna's Writings on the Volcano {god gift}
 32203 | Abyss:2  | Cast into level 2 of the Abyss (Louise)
 32299 | Abyss:2  | Reached skill level 17 in Spellcasting
 32344 | Swamp:3  | Escaped the Abyss
 32364 | Swamp:3  | Killed Louise
 32451 | Swamp:4  | HP: 6/187 [rime drake/icy flash freeze[a spriggan druid]
                  | (15)]
 32906 | Swamp:4  | Reached XP level 18. HP: 196/196 MP: 31/39
 32931 | Swamp:4  | Got a decaying rune of Zot
 33600 | Spider:1 | Entered Level 1 of the Spider Nest
 33765 | Spider:1 | You fall into a shaft and drop 1 floor!
 34081 | Spider:1 | Received a gift from Sif Muna
 34082 | Spider:1 | Got Sif Muna's Guidebook on Shadowy Accompaniment {god
                  | gift}
 34094 | Spider:1 | Learned a level 6 spell: Summon Cactus Giant
 36979 | Spider:2 | Reached skill level 18 in Spellcasting
 37119 | Spider:2 | HP: 2/198 [something (11)]
 37120 | Spider:2 | Mangled by a ghost moth

Illustrated notes

Levels and vault maps discovered:
D:1:      psy_arrival_dodecagon, layout_loops_cross, serial_shops,
          nicolae_square_shop, dreamdust_princess_bridge, minmay_tall_x
D:2:      layout_rooms, serial_shops, nicolae_shop_rolled_up, grunt_decor_cap
D:3:      layout_basic, nicolae_overflow_hidden_temple,
          mainiacjoe_overflow_brackets, uniq_natasha
D:4:      layout_cave_pods, vehumet_altar_wand_db,
          nicolae_overflow_crystal_walls, mainiacjoe_overflow_surrounded_room,
          minmay_temple_entry_slanted, guppyfry_shop_venom
D:5:      layout_basic, uniq_eustachio, uniq_pikel
D:6:      layout_basic, tgw_sif, portal_sewer_entry_b, uniq_grinder
D:7:      layout_layer_cave, mainiacjoe_overflow_alcove_2, uniq_joseph,
          uniq_maggie
D:8:      layout_cave_pools, overflow_temple_1_default,
          ebering_ghost_inner_flame
D:9:      layout_loops_ring, hangedman_abyss_or_decor_jellyfish_corner
D:10:     layout_basic, minivault_5, uniq_erica
D:11:     layout_loops_cross, lair_entry_dummy, gammafunk_ghost_hydra_chop,
          kennysheep_boxes
D:12:     layout_basic, orc_0_dummy
D:13:     layout_big_octagon, nicolae_two_hexagons, uniq_urug, uniq_frances,
          uniq_kirke, uniq_maurice
D:14:     layout_layer_cave, lightli_vaults_fourway_checkpoint,
          kennysheep_cross_room, minmay_misc_feat_tiny, nicolae_diode_stairs
D:15:     grunt_enter_depths_hoard, layout_loops_ring, serial_rivers,
          chequers_serial_rivers_marsh, chequers_serial_rivers_micro_d,
          chequers_serial_rivers_small_3, chequers_serial_rivers_small_b,
          hellmonk_guarded_unrand_sphere_of_battle, uniq_rupert
Temple:   eino_temple_water
Lair:1:   layout_regular_city, gauntlet_entry_generic,
          chequers_serial_rivers_micro_a, dreamdust_mushroom_princess,
          minivault_26, infiniplex_staircase_pool_2, uniq_harold
Lair:2:   gammafunk_worm_tunnel, layout_hall_layers, swamp_mist,
          grunt_megastairs_4, uniq_gastronok
Lair:3:   layout_regular_city, spider_nest_entry_webs, basic_altar
Lair:4:   layout_gridlike
Lair:5:   evilmike_catoblepas_cave, layout_cave_shapes, slime_entry_1,
          infiniplex_staircase_pool, serial_bayou_shore_a, lemuel_fruit_fields
Swamp:1:  layout_basic_swamp, hangedman_swamp_ruin_wall, uniq_donald,
          uniq_jorgrun
Swamp:2:  layout_basic_swamp, evilmike_swamp_ruin_house_6
Swamp:3:  layout_basic_swamp, evilmike_swamp_ruin_house_3, swamp_pool4,
          beargit_kiku_chapel
Swamp:4:  swamp_alternative, layout_basic_swamp, uniq_louise
Spider:1: layout_spider_delve, hellmonk_watch_for_rolling_rocks,
          hangedman_spider_tarantella_strand
Spider:2: layout_chambers, nicolae_spider_cling_halls
Spider:3: layout_spider_delve, nicolae_spider_shape
Orc:1:    layout_caves, serial_shops, shop
Orc:2:    st_orc_pillars, layout_diamond_mine, gammafunk_ghost_abyssal_escape,
          serial_shops, bzr_entry_road

Skill      XL: |  1  2  3  4  5  6  7  8  9 10 11 12 13 14 15 16 17 18 |
---------------+-------------------------------------------------------+-----
Dodging        | 2 3 4 5 6 7 8 9 10 11 12 | 12.2
Spellcasting   | 3 4 5 6 8 9 11 12 13 15 16 17 18 | 18.0
Summonings     | 4 5 6 7 8 10 11 12 13 14 15 16 17 | 17.0
Fighting       | 1 2 3 4 5 6 8 9 10 12 13 14 15 16 | 16.6
Maces & Flails | 1 2 3 4 5 6 7 8 9 10 11 | 11.9
Necromancy     | 4 6 |  6.0
Stealth        | |  1.5

Action                     |  1- 3 |  4- 6 |  7- 9 | 10-12 | 13-15 | 16-18 || total
---------------------------+-------+-------+-------+-------+-------+-------++-------
  Melee: Unarmed           |    12 |       |       |       |       |       ||    12
         Whip              |    97 |    35 |       |       |       |       ||   132
         Punch             |     1 |     1 |     2 |     3 |     3 |       ||    10
         Mace              |       |    31 |       |       |       |       ||    31
         Giant club        |       |    30 |       |       |       |       ||    30
         Flail             |       |     7 |   214 |   174 |   234 |       ||   629
         Giant spiked club |       |       |       |       |    83 |   300 ||   383
   Cast: Summon Small Mamm |     3 |     2 |    10 |     2 |     4 |       ||    21
         Call Imp          |     5 |     9 |    16 |    10 |     6 |       ||    46
         Call Canine Famil |     3 |    17 |    41 |    40 |    31 |     8 ||   140
         Summon Lightning  |       |       |    26 |    59 |    51 |     5 ||   141
         Summon Guardian G |       |       |       |    26 |    33 |     4 ||    63
         Monstrous Menager |       |       |       |       |   122 |   195 ||   317
         Summon Horrible T |       |       |       |       |     1 |    38 ||    39
         Haunt             |       |       |       |       |       |    17 ||    17
         Summon Cactus Gia |       |       |       |       |       |     3 ||     3
  Evoke: Wand              |       |       |     3 |     1 |     3 |     2 ||     9
    Use: Potion            |       |       |     2 |       |     2 |     5 ||     9
         Scroll            |       |       |       |    12 |    19 |    18 ||    49
   Stab: Sleeping          |     1 |       |       |       |       |       ||     1
         Distracted        |       |     1 |       |     3 |     9 |     4 ||    17
         Paralysed         |       |       |       |       |     3 |     1 ||     4
 Armour: Robe              |    49 |    38 |    34 |    26 |       |       ||   147
         Troll leather arm |       |       |       |    39 |   152 |   157 ||   348
  Dodge: Dodged            |    91 |    70 |   164 |   222 |   318 |   327 ||  1192
